 Dungeon Crawl Stone Soup version 0.27.1-4-g1640c2035a (webtiles) character file.

Game seed: 2431787313498884928

3 m2k the Sneak (level 1, -1/9 HPs)
             Began as a Spriggan Earth Elementalist on Nov 4, 2021.
             Slain by a quokka (3 damage)
             ... on level 1 of the Dungeon.
             The game lasted 00:11:12 (190 turns).

m2k the Sneak (Spriggan Earth Elementalist)          Turns: 190, Time: 00:11:12

Health: -1/9       AC:  2    Str:  4    XL:     1   Next: 41%
Magic:  5/5        EV: 17    Int: 16    God:
Gold:   0          SH:  0    Dex: 15    Spells: 4/5 levels left

rFire    . . .     SeeInvis +   d - +0 mace
rCold    . . .     Faith    .   (shield restricted)
rNeg     . . .     Spirit   .   b - +0 robe
rPois    .         Reflect  .   (helmet restricted)
rElec    .         Harm     .   (no cloak)
rCorr    .         Rampage  .   (gloves unavailable)
Will     .....                  (boots unavailable)
Stlth    ++........             (no amulet)
HPRegen  0.03/turn              (no ring)
MPRegen  0.09/turn              (no ring)

@: very quick
A: very small, no large weapons, unfitting armour, see invisible, speed 3
a: no special abilities


You were on level 1 of the Dungeon.
You visited 1 branch of the dungeon, and saw 1 of its levels.

Inventory:

Hand Weapons
 d - a +0 mace (weapon)
Missiles
 c - 30 stones
Armour
 a - a +0 ring mail
 b - a +0 robe (worn)
 e - a +0 robe


   Skills:
 + Level 2.9 Dodging
 + Level 3.1 Stealth
 + Level 2.7 Spellcasting
 + Level 1.3 Transmutations
 + Level 2.7 Earth Magic


You had 4 spell levels left.
You knew the following spells:

 Your Spells              Type           Power      Damage    Failure   Level
a - Sandblast             Erth           22%        2d7       6%          1

Your spell library contained the following spells:

 Spells                   Type           Power      Damage    Failure   Level
 Passwall                 Tmut/Erth      6%         N/A       12%         2
 Stone Arrow              Conj/Erth      12%        3d7       32%         3
 Petrify                  Tmut/Erth      8%         N/A       63%         4
 Metabolic Englaciation   Hex/Ice        1%         N/A       99%         5
 Statue Form              Tmut/Erth      5%         N/A       100%        6


Dungeon Overview and Level Annotations

Branches:
Dungeon (1/15)

Altars:


Innate Abilities, Weirdness & Mutations

You are very small and have problems with some larger weapons.
You are too small for most types of armour.
You have supernaturally acute eyesight. (SInv)
You cover ground extremely quickly. (Speed+++)


Message History

You are too injured to fight recklessly!
You are too injured to fight recklessly!
You hit the ball python.
The ball python is heavily wounded.
The ball python misses you. The ball python closely misses you.
You hit the ball python.
You kill the ball python!
The bat hits you but does no damage. The bat misses you.
You hit the bat.
The bat is moderately wounded.
The bat hits you but does no damage. The bat barely misses you.
The bat hits you but does no damage.
You hit the bat.
You kill the bat!
The ball python misses you. x2
You closely miss the ball python. The ball python barely misses you.
The ball python grabs you. The ball python constricts you.
The ball python misses you. The ball python constricts you.
* * * LOW HITPOINT WARNING * * *
You hit the ball python.
You kill the ball python!
You see here a bat corpse.
You see here a bat corpse.
You are too injured to fight recklessly!
There are no items here.
You see here a bat corpse.
There are no objects that can be picked up here. a bat corpse You are too injured to fight recklessly!
You are too injured to fight recklessly!
You see here a bat corpse.
You see here a bat corpse.
Found an escape hatch in the floor.
A quokka comes into view.
You are too injured to fight recklessly!
You barely miss the quokka. The quokka completely misses you.
The quokka barely misses you.
You hit the quokka but do no damage. The quokka closely misses you.
You closely miss the quokka. The quokka misses you. The quokka bites you.
You die...

..................
........†#.#..##..
..#.###..#†# .#
..#...#..#.# #
..#.#.#..#.########.#
..###.#..#...........
......#..##....####..
#######..##....####
.........####...@.#
########.# #...r.#
..#....#.# #.........
..'g.....# #........#
..#....### ###>.....#
..#....# #......#
.g###### +......# ..#
#......# ..# ########


You could see a quokka.

Vanquished Creatures
  3 ball pythons (D:1)
  A bat (D:1)
4 creatures vanquished.

Notes
Turn   | Place    | Note
-------+----------+-------------------------------------------
     0 | D:1      | m2k the Spriggan Earth Elementalist began the quest for the
                  | Orb.
     0 | D:1      | Reached XP level 1. HP: 9/9 MP: 5/5
   190 | D:1      | Slain by a quokka

Illustrated notes

Levels and vault maps discovered:
D:1:      elethiomel_arrival_shortcut, layout_basic

Action                   || total
-------------------------++-------
Melee: Mace              ||    13
       Unarmed           ||     1
Armor: Robe              ||     3
Dodge: Dodged            ||    52
